 Dungeon Crawl Stone Soup version 0.26-a0-1184-g95e395e029 (webtiles) character file.

Game seed: 3328444761773395354

249616 mhtbhm the Slayer (level 19, -1/182 (189) HPs)
             Began as a Minotaur Fighter on Dec 27, 2020.
             Was the Champion of Trog.
             Slain by a spectral six-headed hydra (8 damage)
             ... called from beyond by a ghost crab
             ... on level 2 of the Swamp.
             The game lasted 01:17:09 (41497 turns).

mhtbhm the Slayer (Minotaur Fighter)               Turns: 41497, Time: 01:17:10

HP:   -1/182 (189)  AC: 26    Str: 36    XL:     19   Next: 28%
MP:   18/18         EV: 13    Int:  5    God:    Trog [******]
Gold: 2000          SH: 15    Dex: 10    Spells: 18/18 levels left

rFire    . . .     SeeInvis +   a - +6 broad axe "Herutwoi" {vorpal, rElec rPois rF-}
rCold    + . .     Faith    +   c - +0 kite shield {reflect}
rNeg     . . .     Spirit   .   b - +2 plate armour {Will+}
rPois    +         Reflect  +   Z - +0 hat {Will+}
rElec    +         Harm     .   P - scarf {shadows}
rCorr    .         Rampage  .   J - +1 pair of gloves {Str+3}
Will     ++++.                  n - +2 pair of boots
Stlth    ..........             i - amulet of Taaxteq {Faith SInv}
HPRegen  0.40/turn              q - ring of protection from fire
MPRegen  0.16/turn              R - ring of Bibih {Will+ SInv}

@: about to teleport, lightly drained, very slow
A: retaliatory headbutt, beak, horns 2, camouflage 1, cold resistance 1, strong
2, MP-powered wands, sturdy frame 1
}: 1/15 runes: gossamer
a: Renounce Religion, Berserk, Trog's Hand, Brothers in Arms


You were on level 2 of the Swamp.
You worshipped Trog.
Trog was exalted by your worship.
You visited 6 branches of the dungeon, and saw 30 of its levels.
You also visited: Gauntlet and Ice Cave.

You collected 3741 gold pieces.
You spent 1741 gold pieces at shops.

Inventory:

Hand Weapons
 a - the +6 broad axe "Herutwoi" (weapon) {vorpal, rElec rPois rF-}
   (Trog gifted it to you on level 2 of the Spider Nest)

   It inflicts extra damage upon your enemies.
   It makes you vulnerable to fire.
   It insulates you from electricity.
   It protects you from poison.
 h - a +5 broad axe of flaming
 Y - the +9 whip of Gehenna {holy, rN+ Dex+6}
   (You found it on level 4 of the Lair of Beasts)

   It has been blessed by the Shining One to cause great damage to the undead
   and demons.
   It affects your dexterity (+6).
   It protects you from negative energy.
Missiles
 g - 3 curare-tipped darts (quivered)
Armour
 b - a +2 plate armour of willpower (worn)
 c - a +0 kite shield of reflection (worn)
 n - a +2 pair of boots (worn)
 J - a +1 pair of gloves of strength (worn)
 P - a scarf of shadows (worn)
 Z - a +0 hat of willpower (worn)
Jewellery
 i - the amulet of Taaxteq (around neck) {Faith SInv}
   (You found it in a Gauntlet)

   [amulet of faith]

   It allows you to gain divine favour quickly.
   It lets you see invisible.
 q - a ring of protection from fire (left hand)
 E - the ring "Yzug" {rPois Int+6 Dex+4}
   (You bought it in a shop on level 2 of the Orcish Mines)

   [ring of intelligence]

   It affects your intelligence (+6).
   It affects your dexterity (+4).
   It protects you from poison.
 G - an uncursed amulet of reflection
 H - an uncursed ring of flight
 L - an uncursed amulet of reflection
 N - an uncursed amulet of the acrobat {unknown}
 R - the ring of Bibih (right hand) {Will+ SInv}
   (You found it in an ice cave)

   [ring of see invisible]

   It affects your willpower, your defense against some magical effects.
   It lets you see invisible.
 S - an uncursed ring of positive energy
 V - a +6 ring of strength
Wands
 o - a wand of iceblast (56)
 s - a wand of disintegration (55)
 v - a wand of digging (5)
 y - a wand of acid (5)
 W - a wand of paralysis (1)
Scrolls
 e - a scroll of blinking
 f - 12 scrolls of enchant weapon
 j - 8 scrolls of teleportation
 l - 13 scrolls of remove curse
 t - 9 scrolls of magic mapping
 u - 8 scrolls of enchant armour
 w - a scroll of identify
 x - 4 scrolls of immolation
 I - 2 scrolls of fear
 K - 6 scrolls of fog
 Q - 2 scrolls of silence
 T - 3 scrolls of brand weapon
Potions
 d - 7 potions of might
 k - 3 potions of heal wounds
 p - 3 potions of flight
 r - 3 potions of berserk rage
 A - a potion of resistance
 B - 5 potions of cancellation
 C - 3 potions of curing
 F - 2 potions of invisibility
 O - 4 potions of mutation
 X - 3 potions of haste
Miscellaneous
 m - a phantom mirror
 z - a tin of tremorstones (2/2)


   Skills:
 + Level 21.3 Fighting
 - Level 20.2 Axes
 + Level 1.3 Throwing
 + Level 18.2 Armour
 + Level 9.4 Dodging
 - Level 0.9 Stealth
 - Level 15.0 Shields
 + Level 3.7 Evocations


You had 18 spell levels left.
You didn't know any spells.
Your spell library was empty.

Dungeon Overview and Level Annotations

Branches:
Dungeon (15/15)            Temple (0/1) D:6            Lair (6/6) D:10
  Swamp (2/4) Lair:4       Spider (4/4) Lair:2        Slime (0/5) Lair:6
    Orc (2/2) D:9             Elf (0/3) Orc:2        Vaults (0/5) D:13
 Depths (1/5) D:15          IceCv (visited)         Gauntlet (visited)

Altars:
Cheibriados
Dithmenos
Elyvilon
Fedhas
Gozag
Hepliaklqana
Kikubaaqudgha
Nemelex Xobeh
Okawaru
Qazlal
Trog
Uskayaw
Vehumet
Wu Jian
Xom
Zin
Beogh

Shops:
D:7 ?   D:10 [[(((   D:13 [*   Orc:2 }[*(=

Portals:
Hell: Depths:1
Abyss: Lair:4 Depths:1


Innate Abilities, Weirdness & Mutations

You reflexively headbutt those who attack you in melee.
You have a pair of horns on your head.
You have a beak for a mouth.
Your skin changes colour to match your surroundings (Stealth+).
Your flesh is cold resistant. (rC+)
Your muscles are very strong. (Str +4)
You expend magic power (3 MP) to strengthen your wands.
Your movements are slightly less encumbered by armour. (ER -2)


Message History

Unknown command.
As you read the scroll of teleportation, it crumbles to dust.
You feel strangely unstable.
The foxfire is engulfed in spectral mist.
The foxfire hits you!!
* * * LOW HITPOINT WARNING * * *
The foxfire is engulfed in spectral mist. x2
The foxfire hits you!
* * * LOW HITPOINT WARNING * * *
You block the spectral eleionoma's attack.
The bunyip is engulfed in spectral mist.
You block the ghost crab's attack. The ghost crab misses you.
You block the spectral snapping turtle's attack.
The will-o-the-wisp is engulfed in spectral mist.
The spectral six-headed hydra completely misses you.
The spectral six-headed hydra misses you.
You block the spectral six-headed hydra's attack.
The spectral six-headed hydra bites you but does no damage.
The spectral six-headed hydra bites you!
You die...

≈≈≈.≈..≈≈≈≈≈.
.≈≈.♣..≈≈≈≈≈≈≈
.##.≈...≈≈≈≈≈§≈≈
§§.§≈§§≈≈≈§≈≈≈≈≈
..≈≈≈☼§☼☼§○≈≈≈≈≈
≈.≈≈≈.○xZ○≈○.<..
≈§§≈..♣☼v@t♣♣ ≈≈§≈≈☼♣♣ZZ≈≈♣
.. ≈≈≈≈.♣Z°°♣♣♣♣
≈≈§.....♣○°..♣♣♣♣♣♣ ≈§≈≈..
♣.≈..!°≈♣...
≈§≈≈..♣♣♣♣..≈≈...≈≈≈♣♣
≈≈.≈...≈♣...≈≈.≈≈≈≈≈≈♣♣♣♣
≈...≈≈≈....♣..≈≈≈≈≈≈.≈..♣
≈≈≈≈≈≈≈≈>.§..≈≈≈≈≈≈≈≈≈..♣♣♣


You could see a bunyip, a ghost crab, a spectral six-headed hydra (summoned), a
spectral five-headed hydra (summoned), a spectral snapping turtle (summoned), a
spectral eleionoma (summoned) and a will-o-the-wisp.

Vanquished Creatures
  Mara (Spider:4)
  Arachne (Spider:2)
  An Ice Fiend (IceCv)
  Rupert (D:13)
  A storm dragon (shapeshifter) (Gauntlet)
  A fire giant (D:15)
  A frost giant (Depths:1)
  Louise (Swamp:2)
  4 orc warlords
  5 emperor scorpions (Spider:4)
  Aizul (Spider:3)
  4 ghost moths
  3 bunyips (Swamp:1)
  A minotaur (Gauntlet)
  6 entropy weavers
  A spark wasp (Spider:4)
  The ghost of Beilucy the Cruncher, a journeyman FoFi of Gozag (Lair:4)
  Snorg (Lair:6)
  An ettin (Orc:1)
  Josephine (D:14)
  A fire dragon (Lair:6)
  Erolcha (D:9)
  8 hydras
  A great orb of eyes (D:14)
  5 boulder beetles
  8 vault guards (D:13)
  2 ghost crabs (Swamp:2)
  4 centaur warriors
  2 catoblepae
  Erica (D:9)
  A queen ant (Gauntlet)
  A death knight (D:11)
  A deep troll shaman (Depths:1)
  An alligator (Swamp:1)
  5 death yaks (Lair:5)
  A hell hog (Lair:4)
  3 tengu warriors
  3 two-headed ogres (D:15)
  An ogre mage (D:15)
  2 deep troll earth magi (Depths:1)
  A thrashing horror (Lair:4)
  4 orc high priests
  Nergalle (Lair:4)
  Sonja (Orc:2)
  A fire crab (shapeshifter) (D:14)
  5 skeletal warriors (D:12)
  A fire crab (D:14)
  A sun demon (Lair:4)
  2 spriggan druids (Swamp:1)
  2 unseen horrors
  4 goliath frogs
  A bog body (Swamp:2)
  A lindwurm (shapeshifter) (Lair:4)
  An obsidian statue (Gauntlet)
  8 deep trolls (Depths:1)
  A deep elf archer (D:14)
  A glowing orange brain (Depths:1)
  2 lindwurms (Lair:6)
  5 orc knights
  A mana viper (shapeshifter) (Gauntlet)
  26 wolf spiders
  14 orb spiders
  2 cyclopes
  12 ugly things
  A manticore (D:14)
  3 will-o-the-wisps (Swamp:1)
  4 oklob plants (Lair:6)
  7 orc sorcerers
  A worldbinder (Lair:4)
  2 slime creatures (D:13)
  12 elephants
  2 black mambas
  5 torpor snails (Lair:6)
  An apocalypse crab (Lair:4)
  4 gargoyles
  An ice statue (IceCv)
  19 cane toads
  14 komodo dragons
  A rime drake (Lair:5)
  7 anaconda simulacra
  13 demonic crawlers
  A tengu conjurer (D:14)
  Maggie (D:9)
  6 freezing wraiths
  6 ice devils (IceCv)
  A golden dragon simulacrum (IceCv)
  A queen bee (Spider:3)
  2 trolls (shapeshifter)
  A red devil (Lair:4)
  A bloated husk (Swamp:2)
  22 hornets
  3 meliai (Spider:3)
  2 polar bears
  5 trolls
  40 jumping spiders
  A harpy skeleton (D:13)
  A raiju (shapeshifter) (D:14)
  6 tyrant leeches
  Grinder (D:3)
  21 blink frogs
  5 dream sheep (Lair:5)
  52 yaks
  A spriggan (Lair:4)
  86 redbacks
  6 wraiths
  3 dire elephant simulacra
  A water elemental (Depths:1)
  A vampire (D:9)
  5 wyverns
  20 tarantellas
  9 basilisks
  7 vampire mosquitoes
  2 basilisks (shapeshifter)
  3 death yak simulacra (IceCv)
  10 wargs
  2 harpy simulacra (IceCv)
  4 swamp worms
  4 insubstantial wisps (Lair:4)
  An iron troll simulacrum (IceCv)
  An acid dragon (D:11)
  6 soldier ants (Gauntlet)
  3 hydra simulacra
  A soldier ant (shapeshifter) (D:14)
  39 orc warriors
  14 water moccasins
  A hornet zombie (D:14)
  3 ice beasts
  5 sky beasts
  2 black bears
  An ettin simulacrum (IceCv)
  A phantom (D:10)
  3 necrophages
  An alligator simulacrum (IceCv)
  An eye of draining (D:12)
  24 ogres
  16 wolves
  4 boggarts (Depths:1)
  4 centaurs
  Blork the orc (D:5)
  23 bullfrogs
  A wyvern zombie (D:12)
  5 scorpions
  A wyvern skeleton (D:14)
  2 water moccasin skeletons
  30 killer bees
  4 howler monkeys
  11 wights
  5 electric eels
  A draconian simulacrum (IceCv)
  A komodo dragon simulacrum (Lair:1)
  2 bullfrog zombies
  3 quasits
  4 centaur skeletons
  7 hounds
  11 orc priests
  A bullfrog skeleton (D:9)
  6 jellies
  25 orc wizards
  An iron imp (Depths:1)
  An iguana (D:10)
  A spriggan simulacrum (IceCv)
  18 worker ants
  4 troll simulacra (IceCv)
  2 bullfrog simulacra (Lair:1)
  3 centaur simulacra (IceCv)
  2 hound zombies
  A worker ant zombie (D:10)
  3 gnolls (D:7)
  13 adders
  An ogre simulacrum (IceCv)
  A shadow imp (D:8)
  9 white imps
  6 ufetubi
  An ooze (D:4)
  An adder skeleton (D:8)
  3 adder zombies
  3 worms
  5 dart slugs
  4 leopard geckos
  107 orcs
  5 giant cockroaches
  13 goblins
  7 hobgoblins
  6 jackals
  13 kobolds
  6 quokkas
  A ball python (D:4)
  8 bats
  7 frilled lizards
  A giant cockroach zombie (D:5)
  A quokka skeleton (D:4)
  3 quokka zombies
  8 rats
1171 creatures vanquished.

Vanquished Creatures (collateral kills)
  2 emperor scorpions (Spider:4)
  An eleionoma (Swamp:1)
  An alligator (Swamp:1)
  2 spriggans (Swamp:1)
  An orc sorcerer (Orc:1)
  An orb spider (Spider:4)
  2 hornets (Swamp:1)
  A jumping spider (Spider:4)
  2 tyrant leeches (Swamp:1)
  2 tarantellas (Spider:4)
  A swamp worm (Swamp:1)
  2 swamp drakes (Swamp:1)
18 creatures vanquished.

Vanquished Creatures (others)
  2 goliath frogs
  A bloated husk (Swamp:1)
  A spriggan (Swamp:2)
  A white imp (IceCv)
  An ufetubus (IceCv)
  5 orcs
  19 foxfires
  20 fungi
  37 plants
87 creatures vanquished.

Grand Total: 1276 creatures vanquished

Notes
Turn   | Place    | Note
-------+----------+-------------------------------------------
     0 | D:1      | mhtbhm the Minotaur Fighter began the quest for the Orb.
     0 | D:1      | Reached XP level 1. HP: 19/19 MP: 0/0
    42 | D:1      | Upgraded the game from 0.26-a0-1181-gd376ed14c5 to
                  | 0.26-a0-1184-g95e395e029
    94 | D:1      | Reached XP level 2. HP: 27/27 MP: 1/1
   161 | D:1      | Reached skill level 4 in Fighting
   525 | D:1      | Reached XP level 3. HP: 33/33 MP: 2/2
   727 | D:2      | Found a faded altar of an unknown god.
  1014 | D:2      | Became a worshipper of Trog the Wrathful
  1014 | D:2      | Reached * piety under Trog
  1189 | D:2      | Reached XP level 4. HP: 38/40 MP: 3/3
  1710 | D:2      | Reached XP level 5. HP: 40/46 MP: 4/4
  2012 | D:3      | Reached ** piety under Trog
  2171 | D:3      | Found a hide-covered altar of Uskayaw.
  2424 | D:3      | Found an ancient bone altar of Kikubaaqudgha.
  2542 | D:3      | Noticed Grinder
  2579 | D:3      | Killed Grinder
  2580 | D:3      | Reached skill level 5 in Axes
  2580 | D:3      | Reached skill level 5 in Armour
  2580 | D:3      | Reached skill level 1 in Dodging
  2580 | D:3      | Reached skill level 5 in Shields
  2580 | D:3      | Reached XP level 6. HP: 37/53 MP: 5/5
  2937 | D:3      | Found a white marble altar of Elyvilon.
  2937 | D:3      | Found a hazy altar of Hepliaklqana.
  2937 | D:3      | Found an iron altar of Okawaru.
  3678 | D:4      | Reached XP level 7. HP: 54/60 MP: 6/6
  3749 | D:4      | Reached skill level 5 in Fighting
  3829 | D:4      | Found a bloodstained altar of Trog.
  3903 | D:4      | Found a sparkling altar of Nemelex Xobeh.
  4093 | D:5      | Entered Level 5 of the Dungeon
  4156 | D:5      | Reached XP level 8. HP: 67/69 MP: 7/7
  4277 | D:5      | Noticed Blork the orc
  4285 | D:5      | Killed Blork the orc
  4285 | D:5      | Reached *** piety under Trog
  4376 | D:5      | Found a radiant altar of Vehumet.
  4376 | D:5      | Found a shimmering altar of Xom.
  4528 | D:5      | Found an opulent altar of Gozag.
  4608 | D:6      | Found an ornate altar of the Wu Jian Council.
  4690 | D:6      | Reached skill level 6 in Fighting
  4864 | D:6      | Found a staircase to the Ecumenical Temple.
  4940 | D:6      | Found a glowing silver altar of Zin.
  5046 | D:6      | Gained mutation: You are frail. (-10% HP) [potion of
                  | mutation]
  5046 | D:6      | Gained mutation: You are somewhat resistant to further
                  | mutation. [potion of mutation]
  5046 | D:6      | Gained mutation: Your muscles are strong. (Str +2) [potion
                  | of mutation]
  5047 | D:6      | Lost mutation: You are frail. (-10% HP) [potion of
                  | mutation]
  5047 | D:6      | Lost mutation: Your muscles are strong. (Str +2) [potion of
                  | mutation]
  5047 | D:6      | Gained mutation: Your body sometimes deteriorates upon
                  | taking damage. [potion of mutation]
  5048 | D:6      | Lost mutation: You are somewhat resistant to further
                  | mutation. [potion of mutation]
  5048 | D:6      | Lost mutation: Your body sometimes deteriorates upon taking
                  | damage. [potion of mutation]
  5048 | D:6      | Gained mutation: Your skin changes colour to match your
                  | surroundings (Stealth+). [potion of mutation]
  5048 | D:6      | Gained mutation: Your flesh is cold resistant. (rC+)
                  | [potion of mutation]
  5048 | D:6      | Gained mutation: Your magical capacity is low. (-10% MP)
                  | [potion of mutation]
  5048 | D:6      | Gained mutation: You have large cloven feet. [potion of
                  | mutation]
  5244 | D:6      | Found a stormy altar of Qazlal.
  5400 | D:7      | Reached XP level 9. HP: 72/78 MP: 7/7
  5526 | D:7      | Reached skill level 10 in Axes
  5666 | D:7      | Reached **** piety under Trog
  5923 | D:7      | Reached skill level 7 in Fighting
  6238 | D:7      | You fall into a shaft and drop 2 floors!
  6274 | D:9      | Got a dazzling hunting sling
  6280 | D:9      | Identified the +3 hunting sling of Taclijye {freeze, rPois
                  | Dex+2} (You found it on level 9 of the Dungeon)
  6305 | D:9      | Noticed Erolcha
  6316 | D:9      | Killed Erolcha
  6371 | D:9      | Reached XP level 10. HP: 55/88 MP: 8/8
  6377 | D:9      | Reached skill level 8 in Fighting
  6826 | D:9      | Reached ***** piety under Trog
  6837 | D:9      | Noticed a tengu warrior
  6848 | D:9      | Killed a tengu warrior
  6947 | D:9      | Noticed a red ugly thing
  6960 | D:9      | Killed a red ugly thing
  7232 | D:9      | Received a gift from Trog
  7352 | D:9      | Found a staircase to the Orcish Mines.
  7467 | D:9      | Noticed Maggie
  7477 | D:9      | Killed Maggie
  7653 | D:9      | Noticed Erica
  7661 | D:9      | Killed Erica
  7915 | D:8      | Reached skill level 9 in Fighting
  7977 | D:8      | Found a shadowy altar of Dithmenos.
  8016 | D:8      | Reached XP level 11. HP: 82/97 MP: 8/8
  8775 | D:7      | Found Detymiss's Magic Scroll Boutique.
  8783 | D:7      | Bought a scroll of blinking for 90 gold pieces
  8783 | D:7      | Bought a scroll of blinking for 90 gold pieces
  8783 | D:7      | Bought a scroll of teleportation for 36 gold pieces
  8783 | D:7      | Bought a scroll of teleportation for 36 gold pieces
  8783 | D:7      | Bought a scroll of fear for 42 gold pieces
  8783 | D:7      | Bought a scroll of identify for 24 gold pieces
  8783 | D:7      | Bought a scroll of magic mapping for 42 gold pieces
  8783 | D:7      | Bought a scroll of fog for 24 gold pieces
  8783 | D:7      | Identified a scroll of acquirement
  8785 | D:7      | Acquired 677 gold pieces
  9037 | Orc:1    | Entered Level 1 of the Orcish Mines
  9037 | Orc:1    | Noticed an orc warlord
  9037 | Orc:1    | Noticed an orc sorcerer
  9037 | Orc:1    | Noticed an orc sorcerer
  9038 | Orc:1    | Paralysed by an orc sorcerer for 2 turns
  9039 | Orc:1    | Noticed a sun demon
  9243 | D:9      | Killed an orc warlord
  9333 | Orc:1    | HP: 4/92 [orc sorcerer/bolt of negative energy (37)]
 10057 | Orc:1    | Killed an orc sorcerer
 10058 | Orc:1    | Killed an orc sorcerer
 10059 | Orc:1    | Reached skill level 10 in Shields
 10816 | Orc:2    | Entered Level 2 of the Orcish Mines
 10832 | Orc:2    | Noticed an orc warlord
 10835 | Orc:2    | Noticed an orc sorcerer
 10837 | Orc:2    | Noticed an orc high priest
 10839 | Orc:2    | Noticed an orc high priest
 10842 | Orc:2    | Noticed a sun demon
 10846 | Orc:2    | Noticed a sun demon
 10846 | Orc:2    | Noticed a sixfirhy
 10846 | Orc:2    | Noticed an orc sorcerer
 10854 | Orc:1    | Killed an orc sorcerer
 10855 | Orc:1    | Reached skill level 5 in Dodging
 11315 | Orc:1    | Killed an orc warlord
 11315 | Orc:1    | Killed an orc high priest
 11316 | Orc:1    | Reached skill level 10 in Fighting
 11316 | Orc:1    | Reached skill level 15 in Axes
 11640 | Orc:2    | Noticed an orc warlord
 11641 | Orc:2    | Noticed a soul eater
 11642 | Orc:2    | Noticed a sun demon
 11822 | Orc:2    | Noticed an ettin
 11827 | Orc:1    | Received a gift from Trog
 11831 | Orc:1    | Killed an ettin
 11832 | Orc:1    | Reached XP level 12. HP: 107/107 MP: 9/9
 12141 | Orc:2    | Noticed an orc warlord
 12646 | Orc:1    | HP: 8/162 [orc warlord/+3 long sword of pain (4)]
 12655 | Orc:1    | Killed an orc warlord
 13382 | Orc:2    | Killed an orc high priest
 13422 | Orc:2    | Reached skill level 10 in Armour
 13443 | Orc:2    | Noticed Sonja
 13696 | Orc:2    | Killed Sonja
 13719 | Orc:2    | Killed an orc warlord
 13720 | Orc:2    | Reached skill level 11 in Fighting
 14177 | Orc:2    | Found a roughly hewn altar of Beogh.
 14269 | Orc:2    | Found Xenerr's Jewellery Shop.
 14277 | Orc:2    | Lost mutation: Your flesh is cold resistant. (rC+) [potion
                  | of mutation]
 14277 | Orc:2    | Lost mutation: You have large cloven feet. [potion of
                  | mutation]
 14277 | Orc:2    | Lost mutation: Your magical capacity is low. (-10% MP)
                  | [potion of mutation]
 14277 | Orc:2    | Gained mutation: You have a beak for a mouth. [potion of
                  | mutation]
 14277 | Orc:2    | Gained mutation: You expend magic power (3 MP) to
                  | strengthen your wands. [potion of mutation]
 14277 | Orc:2    | Gained mutation: You evolve. [potion of mutation]
 14277 | Orc:2    | Gained mutation: Your movements are slightly less
                  | encumbered by armour. (ER -2) [potion of mutation]
 14278 | Orc:2    | Bought the ring "Yzug" {rPois Int+6 Dex+4} for 859 gold
                  | pieces
 14332 | Orc:2    | Found a staircase to the Elven Halls.
 14337 | Orc:2    | Found Ehaim's General Store.
 14339 | Orc:2    | Gained mutation: Your muscles are strong. (Str +2)
                  | [evolution]
 14345 | Orc:2    | Bought a scroll of identify for 34 gold pieces
 14371 | Orc:2    | Reached skill level 1 in Evocations
 14443 | Orc:2    | Noticed an orc high priest
 14457 | Orc:2    | Killed an orc high priest
 14460 | Orc:2    | Found Ywukhl Ruorgh's Antique Armour Shoppe.
 14557 | Orc:2    | Bought a runed kite shield for 232 gold pieces
 14557 | Orc:2    | Bought a pair of runed gloves for 232 gold pieces
 14620 | Orc:2    | Found Ojuonesyo's Antique Weapon Emporium.
 14724 | Orc:2    | Noticed an orc high priest
 14734 | Orc:2    | Killed an orc high priest
 14797 | Orc:2    | Found Enanithe's Gadget Shop.
 15330 | D:10     | Entered Level 10 of the Dungeon
 15332 | D:10     | Found Ahon's Antique Armour Emporium.
 15404 | D:10     | Found a staircase to the Lair.
 15477 | D:10     | Found Weni's Armour Shoppe.
 15507 | D:10     | Found Egaarigg's Antique Weapon Shop.
 15517 | D:10     | Reached ****** piety under Trog
 15562 | D:10     | Found Osuagach's Weapon Emporium.
 15660 | D:10     | Found Wanaq's Antique Weapon Emporium.
 15825 | Lair:1   | Entered Level 1 of the Lair of Beasts
 15856 | Lair:1   | Reached XP level 13. HP: 116/116 MP: 12/12
 15917 | Lair:1   | Received a gift from Trog
 16248 | Lair:1   | Found a transporter.
 16386 | Lair:1   | Found a transporter.
 17586 | Lair:2   | Found a hole to the Spider Nest.
 17947 | Lair:2   | Gained mutation: Your muscles are very strong. (Str +4)
                  | [evolution]
 18212 | Lair:3   | Reached skill level 12 in Fighting
 18825 | Lair:3   | Gained mutation: Your flesh is cold resistant. (rC+)
                  | [evolution]
 18825 | Lair:3   | Lost mutation: You evolve. [end of evolution]
 19151 | Lair:4   | Noticed Nergalle
 19162 | Lair:4   | Killed Nergalle
 19279 | Lair:4   | Reached XP level 14. HP: 127/127 MP: 13/13
 19422 | Lair:4   | Found a transporter.
 19422 | Lair:4   | Noticed Beilucy's ghost (journeyman FoFi)
 19423 | Lair:4   | Found a one-way gate to the infinite horrors of the Abyss.
 19644 | Lair:4   | Found a transporter.
 19670 | Lair:4   | Received a gift from Trog
 19680 | Lair:4   | Found a staircase to the Swamp.
 20346 | Lair:4   | Got a warped whip
 20347 | Lair:4   | Identified the +9 whip of Gehenna {holy, rN+ Dex+6} (You
                  | found it on level 4 of the Lair of Beasts)
 20566 | Lair:4   | Killed Beilucy's ghost
 20708 | Lair:4   | Paralysed by you for 5 turns
 21077 | Lair:5   | Reached skill level 13 in Fighting
 21106 | Lair:5   | Found a gate leading to a gauntlet.
 21121 | Gauntlet | Entered a Gauntlet
 21121 | Gauntlet | Found a transporter.
 21122 | Gauntlet | Found a transporter.
 21126 | Gauntlet | Found a transporter.
 21126 | Gauntlet | Found a transporter.
 21130 | Gauntlet | Found a transporter.
 21130 | Gauntlet | Found a transporter.
 21164 | Gauntlet | Found a transporter.
 21168 | Gauntlet | Found a transporter.
 21210 | Gauntlet | Found a transporter.
 21223 | Gauntlet | Found a transporter.
 21240 | Gauntlet | Found a transporter.
 21242 | Gauntlet | Found a transporter.
 21291 | Gauntlet | Received a gift from Trog
 21380 | Gauntlet | Noticed a storm dragon
 21380 | Gauntlet | a death yak changed into a storm dragon
 21396 | Gauntlet | Killed a storm dragon
 21474 | Gauntlet | Got a transparent silver amulet
 22496 | Lair:6   | Entered Level 6 of the Lair of Beasts
 22732 | Lair:6   | Reached XP level 15. HP: 125/137 MP: 14/14
 22918 | Lair:6   | Found a runed translucent door.
 23109 | Lair:6   | Received a gift from Trog
 23275 | Lair:6   | Identified the amulet of Taaxteq {Faith SInv} (You found it
                  | in a Gauntlet)
 23423 | Lair:6   | Noticed Snorg
 23437 | Lair:6   | Killed Snorg
 23722 | Lair:6   | Found a staircase to the Slime Pits.
 23731 | Lair:6   | Reached skill level 14 in Fighting
 25678 | D:12     | Found a bloodstained altar of Trog.
 26388 | D:13     | Noticed Rupert
 26410 | D:13     | Killed Rupert
 26632 | D:13     | Found Wuokab's Pet Rocks.
 26636 | D:13     | Received a gift from Trog
 26641 | D:13     | Reached skill level 15 in Shields
 26757 | D:13     | Reached skill level 15 in Fighting
 26761 | D:13     | Found a gate to the Vaults.
 26973 | D:13     | Found Guoxil Fuju's Antique Armour Boutique.
 27354 | D:14     | Reached XP level 16. HP: 137/150 MP: 15/15
 27703 | D:14     | Found a blossoming altar of Fedhas.
 27725 | D:14     | Reached skill level 16 in Fighting
 28370 | D:14     | Noticed Josephine
 28381 | D:14     | Killed Josephine
 29049 | D:15     | Entered Level 15 of the Dungeon
 29373 | D:15     | Found a staircase to the Depths.
 30115 | D:15     | Found a blossoming altar of Fedhas.
 30345 | Depths:1 | Entered Level 1 of the Depths
 30382 | Depths:1 | Reached skill level 17 in Fighting
 30650 | Depths:1 | Received a gift from Trog
 30655 | Depths:1 | Reached skill level 15 in Armour
 31304 | Depths:1 | Found a gateway to Hell.
 31486 | D:15     | Reached XP level 17. HP: 163/163 MP: 16/16
 31965 | Spider:1 | Entered Level 1 of the Spider Nest
 32203 | Spider:1 | Reached skill level 18 in Fighting
 32483 | Spider:1 | Received a gift from Trog
 33599 | Spider:2 | Reached XP level 18. HP: 173/173 MP: 17/17
 33599 | Spider:2 | Noticed Arachne
 34007 | Spider:2 | Killed Arachne
 34489 | Spider:2 | Reached skill level 1 in Throwing
 34553 | Spider:2 | Received a gift from Trog
 34559 | Spider:2 | Got a transparent broad axe {god gift}
 34560 | Spider:2 | Identified the +6 broad axe "Herutwoi" {vorpal, rElec rPois
                  | rF-} (Trog gifted it to you on level 2 of the Spider Nest)
 35086 | Spider:3 | Reached skill level 19 in Fighting
 35195 | Spider:4 | Entered Level 4 of the Spider Nest
 35622 | Spider:3 | Noticed Aizul
 35643 | Spider:3 | Killed Aizul
 36406 | Spider:4 | Received a gift from Trog
 36558 | Spider:4 | Noticed Mara
 36573 | Spider:4 | Reached skill level 20 in Fighting
 36574 | Spider:4 | Noticed mhtbhm's illusion
 36583 | Spider:4 | Killed Mara
 36611 | Spider:4 | HP: 8/179 [emperor scorpion (6)]
 36613 | Spider:4 | HP: 3/179 [poisoned by an emperor scorpion]
 36625 | Spider:3 | HP: 8/179 [poisoned by an emperor scorpion]
 36631 | Spider:3 | HP: 5/179 [poisoned by an emperor scorpion]
 36636 | Spider:3 | HP: 4/179 [poisoned by an emperor scorpion]
 36641 | Spider:3 | HP: 4/179 [poisoned by an emperor scorpion]
 36648 | Spider:3 | HP: 5/179 [poisoned by an emperor scorpion]
 36656 | Spider:3 | HP: 6/179 [poisoned by an emperor scorpion]
 37145 | Spider:4 | Received a gift from Trog
 37763 | Spider:4 | Got a gossamer rune of Zot
 38557 | Swamp:1  | Entered Level 1 of the Swamp
 38590 | Swamp:1  | Found a snail-covered altar of Cheibriados.
 38601 | Swamp:1  | Reached XP level 19. HP: 59/188 MP: 14/18
 38606 | Swamp:1  | Found a frozen archway.
 38616 | IceCv    | Entered an ice cave
 39336 | IceCv    | Received a gift from Trog
 39710 | IceCv    | Reached skill level 21 in Fighting
 39980 | IceCv    | Got a scorched hand axe
 39986 | IceCv    | Identified the +11 hand axe "Noehalif" {pain, Str+2 Stlth+}
                  | (You found it in an ice cave)
 39999 | IceCv    | Got a crude iron ring
 40001 | IceCv    | Identified the ring of Bibih {Will+ SInv} (You found it in
                  | an ice cave)
 40472 | Swamp:1  | Received a gift from Trog
 41243 | Swamp:2  | Noticed Louise
 41279 | Swamp:2  | Killed Louise
 41497 | Swamp:2  | HP: 7/182 [will-o-the-wisp/foxfire (12)]
 41497 | Swamp:2  | Slain by a spectral six-headed hydra

Illustrated notes

Levels and vault maps discovered:
D:1:      dpeg_arrival_erosion, layout_basic
D:2:      layout_basic, chequers_ecumenical_altar_simple_redux, minivault_19,
          kennysheep_generic_room_13
D:3:      layout_basic, grunt_temple_overflow_cloverleaf,
          general_overflow_altar, uniq_grinder
D:4:      layout_rooms, lemuel_round_altar, kennysheep_mini
D:5:      layout_cave_pools, nicolae_gozag_cash_rules_everything_around_me,
          gammafunk_temple_overflow_wave, uniq_blork_the_orc
D:6:      layout_basic, marbit_many_paths, old_standard_altar,
          old_standard_altar, minmay_temple_entry_sparse_star
D:7:      layout_loops_ring, serial_shops, shop
D:8:      layout_loops_ring, grunt_dithmenos_smoke_and_mirrors
D:9:      minmay_opposing_rooms, layout_irregular_city, orc_0_dummy,
          hangedman_decor_push, uniq_erica, uniq_maggie, uniq_erolcha
D:10:     layout_basic, dpeg_oklobed_lair, serial_shops, shop,
          nicolae_shop_trees, nicolae_shop_statue_plus,
          nicolae_shop_behind_doors, shop_fountains
D:11:     layout_cave_pods
D:12:     layout_roguey, bloody_trog
D:13:     layout_cave_pools, erik_vaults_2, serial_shops,
          nicolae_shop_temple_entry_statues_fountains, guppyfry_shop_earth,
          uniq_rupert
D:14:     minmay_the_grid_triangle_9x9_rhombus_full
          [minmay_the_grid_triangle_9x9_sprig,
          minmay_the_grid_triangle_9x9_zippers_horizontal,
          minmay_the_grid_triangle_9x9_descending_squares,
          minmay_the_grid_triangle_9x9_thin_v,
          minmay_the_grid_triangle_9x9_pentomino_pain,
          minmay_the_grid_triangle_9x9_shrine,
          minmay_the_grid_triangle_9x9_swiss_cheese,
          minmay_the_grid_triangle_9x9_prize_insulated], layout_layer_cave,
          minivault_19, special_room [special_room_orc], uniq_josephine
D:15:     grunt_enter_depths_giant_problem, layout_long_grid,
          minmay_misc_feat_four_crosses, fedhas_altar_1
Lair:1:   gammafunk_cloud_chamber, layout_gridlike, nzn_sisyphean_effort,
          infiniplex_staircase_pool_2, grunt_megastairs_5
Lair:2:   layout_misc_corridors, nicolae_spider_entry_tight_spaces,
          grunt_megastairs_3, infiniplex_staircase_pool
Lair:3:   layout_loops_ring, beast_lair_carwin_2
Lair:4:   layout_layer_cave, minmay_swamp_entry_wisps,
          gammafunk_ghost_abyssal_escape, lemuel_fruit_tree, grunt_megastairs_2,
          uniq_nergalle
Lair:5:   layout_roguey, gauntlet_entry_generic
Lair:6:   wormcave, layout_long_grid, minmay_slime_entry_oklob_enclosed,
          grunt_megastairs_1, uniq_snorg
Swamp:1:  layout_falls_marsh, portal_ice_cave_entry_pillars_three, basic_altar
Swamp:2:  layout_basic_swamp, evilmike_swamp_ruin_house_2, uniq_louise
Spider:1: layout_spider_delve, hangedman_spider_mandibles,
          hangedman_spider_tarantella_strand
Spider:2: layout_spider_delve, nicolae_spider_webbed_stairs, uniq_arachne
Spider:3: layout_spider_delve, special_room [special_room_bee], uniq_aizul
Spider:4: guppyfry_spider_rune, uniq_mara
Orc:1:    layout_caves, mines_bat_river
Orc:2:    grunt_orc_gardens, layout_caves, grunt_orc_garden, grunt_orc_garden,
          grunt_orc_garden, grunt_orc_garden, serial_shops, shop, mines1_david,
          uniq_sonja
Depths:1: layout_small_grid, grunt_hell_entry_dis_grunt,
          chequers_decorated_corner, abyss_entry, nooodl_orcs_dogs,
          roderic_lattice_octagonal_star

Skill      XL: |  1  2  3  4  5  6  7  8  9 10 11 12 13 14 15 16 17 18 19 |
---------------+----------------------------------------------------------+-----
Shields        | 4 5 6 8 9 10 11 12 13 15 | 15.0
Fighting       | 4 5 6 7 9 10 11 12 13 15 17 18 20 21 | 21.3
Axes           | 3 4 5 6 7 9 11 13 15 16 18 19 20 | 20.2
Armour         | 4 5 6 7 8 9 10 11 12 14 15 16 17 18 | 18.2
Dodging        | 1 2 3 5 6 7 9 |  9.4
Evocations     | 1 2 3 |  3.7
Throwing       | 1 |  1.3
Stealth        | |  0.9

Action                   |  1- 3 |  4- 6 |  7- 9 | 10-12 | 13-15 | 16-18 | 19-21 || total
-------------------------+-------+-------+-------+-------+-------+-------+-------++-------
Melee: War axe           |    91 |   120 |   259 |    98 |    29 |       |       ||   597
       Headbutt          |    15 |    13 |    49 |    95 |   255 |   231 |    46 ||   704
       Broad axe         |       |       |       |   417 |   784 |   715 |   184 ||  2100
       Peck              |       |       |       |    19 |   227 |   197 |    53 ||   496
Throw: Dart              |       |       |       |     2 |       |     1 |     1 ||     4
Invok: Berserk           |       |     1 |     3 |    13 |    10 |     7 |     1 ||    35
       Brothers in Arms  |       |       |       |     1 |       |     3 |     1 ||     5
Evoke: Wand              |       |       |       |     9 |       |    24 |     5 ||    38
       Tin of tremorston |       |       |       |       |       |     2 |       ||     2
  Use: Scroll            |       |     5 |    10 |     7 |    14 |    12 |     3 ||    51
       Potion            |       |       |     3 |     4 |     1 |     6 |     2 ||    16
 Stab: Distracted        |       |       |       |     1 |       |     1 |       ||     2
       Sleeping          |       |       |       |     1 |       |       |       ||     1
       Petrifying        |       |       |       |       |     1 |       |       ||     1
       Invisible         |       |       |       |       |     1 |       |       ||     1
       Paralysed         |       |       |       |       |       |     2 |       ||     2
Armor: Scale mail        |    43 |    47 |    65 |    40 |       |       |       ||   195
       Acid dragon scale |       |       |       |    28 |       |       |       ||    28
       Plate armour      |       |       |       |    77 |   208 |   376 |    74 ||   735
Dodge: Dodged            |    27 |    35 |    69 |   140 |   232 |   376 |    84 ||   963
Block: Kite shield       |    50 |    63 |   127 |   301 |   528 |   597 |   122 ||  1788
       Reflection        |       |       |       |       |    14 |     3 |     5 ||    22

Table legend: (Time is in decaauts)
 A = Elapsed time spent in this place.
 B = Non-inter-level travel time spent in this place.
 C = Inter-level travel time spent in this place.
 D = Time resting spent in this place.
 E = Time spent auto-exploring this place.
 F = Levels seen in this place.
 G = Mean time per level.
                   A        B        C        D        E       F      G
               +--------+--------+--------+--------+--------+-----+--------+
         Total |  41560 |  40945 |    615 |  11342 |  20833 |  32 | 1298.8 |
       Dungeon |  17230 |  16967 |    263 |   2957 |  10118 |  15 | 1148.7 |
          Lair |   8572 |   8456 |    116 |   1453 |   5272 |   6 | 1428.7 |
         Swamp |   1271 |   1271 |      0 |    539 |    454 |   2 |  635.5 |
   Spider Nest |   6303 |   6067 |    236 |   2447 |   2630 |   4 | 1575.8 |
  Orcish Mines |   4922 |   4922 |      0 |   2979 |   1013 |   2 | 2461.0 |
        Depths |   1130 |   1130 |      0 |    163 |    784 |   1 | 1130.0 |
      Ice Cave |   1694 |   1694 |      0 |    740 |    560 |   1 | 1694.0 |
      Gauntlet |    435 |    435 |      0 |     63 |      0 |   1 |  435.0 |
               +--------+--------+--------+--------+--------+-----+--------+

Top non-repeatable levels by time:
   Orc:1: 3564 daAuts
     D:9: 2570 daAuts
Spider:4: 2168 daAuts
  Lair:4: 1976 daAuts
  Lair:6: 1878 daAuts
    D:14: 1839 daAuts
     D:3: 1826 daAuts
  Lair:1: 1776 daAuts
   IceCv: 1694 daAuts
Spider:2: 1610 daAuts
     D:8: 1567 daAuts
Spider:1: 1536 daAuts
   Orc:2: 1358 daAuts
    D:15: 1354 daAuts
     D:2: 1155 daAuts
